 Dungeon Crawl Stone Soup version 0.29.1-1-gd02db6906a (webtiles) character file.

Game seed: 11440699729577170336

10021 Icepheonix32 the Martial Artist (level 11, -7/75 HPs)
             Began as a Merfolk Transmuter on Sept 16, 2022.
             Was an Elder of Dithmenos.
             Mangled by Gastronok (37 damage)
             ... on level 10 of the Dungeon.
             The game lasted 00:33:09 (11952 turns).

Icepheonix32 the Martial Artist (MfTm)             Turns: 11952, Time: 00:33:09

Health: -7/75      AC:  6    Str:  8    XL:     11   Next: 55%
Magic:  26/27      EV: 32    Int: 18    God:    Dithmenos [****..]
Gold:   228        SH:  0    Dex: 26    Spells: 4/19 levels left

rFire   . . .      SeeInvis .     - Unarmed
rCold   . . .      Faith    .   (shield currently unavailable)
rNeg    . . .      Spirit   .   (body armour currently unavailable)
rPois   .          Reflect  .   (helmet currently unavailable)
rElec   .          Harm     .   (cloak currently unavailable)
rCorr   .          Rampage  .   (gloves currently unavailable)
Will    .....                   (boots currently unavailable)
Stlth   +++++.....              a - amulet of the acrobat
HPRegen 0.22/turn               l - ring "Xaseumo" {rPois Will- MP+9 Str-2 Dex+9}
MPRegen 0.20/turn               h - +4 ring of protection

@: spider-form, slowed, wreathed by umbra, very slow
A: venomous fangs, tiny, (nimble swimmer 2), (mertail), (iridescent scales 1),
clumsy 1, (poison resistance), (shaggy fur 1)
a: End Transformation, Renounce Religion, Shadow Step


You were on level 10 of the Dungeon.
You worshipped Dithmenos.
Dithmenos was greatly pleased with you.
You were a venomous arachnid creature.
You visited 2 branches of the dungeon, and saw 11 of its levels.
You also visited: Ossuary.

You collected 534 gold pieces.
You spent 306 gold pieces at shops.

Inventory:

Hand Weapons
 w - the +5 whip of the Boar (melded) {drain, Str+7 Dex+4}
   (You took it off an orc on level 8 of the Dungeon)

   A truly terrible weapon, it drains the life of any living foe it strikes.
   Str:       It affects your strength (+7).
   Dex:       It affects your dexterity (+4).
 C - a +0 shortbow of freezing
 L - a +3 spear of draining
 U - the +6 halberd "Cokhlire" {pain, Drain rPois rC+ rN+}
   (You found it on level 7 of the Dungeon)

   In the hands of one skilled in necromantic magic, it inflicts extra damage on
   living creatures.
   rC:        It protects you from cold.
   rPois:     It protects you from poison.
   rN:        It protects you from negative energy.
   Drain:     It drains your maximum health when unequipped.
Missiles
 o - 2 datura-tipped darts
 v - 4 curare-tipped darts
 B - a throwing net
 G - 8 javelins
 K - 10 boomerangs
Armour
 f - a +2 robe of willpower (melded)
 x - a +1 helmet (melded)
 y - a +1 pair of boots (melded)
 D - the +4 buckler "Noiwkiyru" {rN+}
   (You found it on level 5 of the Dungeon)

   rN:        It protects you from negative energy.
 N - a +1 cloak (melded)
 P - a +1 pair of gloves (melded)
 S - an orb of energy (melded)
 W - a +2 robe of fire resistance
Jewellery
 a - an amulet of the acrobat (around neck)
 g - a ring of positive energy
 h - a +4 ring of protection (right front leg)
 l - the ring "Xaseumo" (left front leg) {rPois Will- MP+9 Str-2 Dex+9}
   (You found it on level 7 of the Dungeon)

   [ring of magical power]

   Str:       It affects your strength (-2).
   Dex:       It affects your dexterity (+9).
   rPois:     It protects you from poison.
   MP:        It affects your magic capacity (+9).
   Will:      It decreases your willpower.
 m - a ring of protection from cold
 A - a ring of positive energy
 Q - a ring of fire
 V - an amulet of regeneration
Wands
 k - a wand of digging (3)
 u - a wand of mindburst (4)
 O - a wand of flame (18)
Scrolls
 d - 6 scrolls of immolation
 q - 5 scrolls of teleportation
 r - a scroll of blinking
 t - 2 scrolls of poison
 E - a scroll of magic mapping
 F - 3 scrolls of vulnerability
 H - 3 scrolls of identify
 I - 2 scrolls of butterflies
Potions
 b - 2 potions of lignification
 c - 7 potions of curing
 e - a potion of mutation
 i - 2 potions of invisibility
 j - 3 potions of might
 n - 3 potions of flight
 p - 2 potions of magic
 s - 3 potions of attraction
 z - 3 potions of heal wounds
 J - a potion of brilliance
 M - a potion of ambrosia
 R - 2 potions of haste
Miscellaneous
 T - a box of beasts


   Skills:
 + Level 3.1 Fighting
 + Level 0.3 Throwing
 * Level 10.1 Dodging
 + Level 4.4 Stealth
 - Level 4.1 Shields
 + Level 10.6 Unarmed Combat
 + Level 4.6 Spellcasting
 + Level 0.1 Conjurations
 * Level 9.1 Transmutations
 + Level 4.6 Ice Magic
 + Level 4.0 Poison Magic
 * Level 5.9 Invocations
 * Level 2.0 Evocations


You had 4 spell levels left.
You knew the following spells:

 Your Spells              Type           Power      Damage    Failure   Level
a - Beastly Appendage     Tmut           74%        N/A       2%          1
b - Wereblood             Tmut           37%        N/A       3%          2
c - Spider Form           Tmut/Pois      27%        N/A       10%         3
d - Mephitic Cloud        Conj/Pois/Air  9%         N/A       45%         3
e - Ice Form              Ice/Tmut       29%        N/A       21%         4
f - Poisonous Vapours     Pois/Air       22%        N/A       22%         2

Your spell library contained the following spells:

 Spells                   Type           Power      Damage    Failure   Level
 Sting                    Tmut/Pois      100%       1d8       4%          1
 Magic Dart               Conj           16%        1d3       30%         1
 Call Imp                 Summ           4%         N/A       43%         2
 Olgreb's Toxic Radiance  Pois           18%        N/A       47%         4
 Gell's Gravitas          Tloc           4%         N/A       61%         3
 Lesser Beckoning         Tloc           4%         N/A       61%         3
 Teleport Other           Tloc           4%         N/A       61%         3
 Fulminant Prism          Conj/Hex       2%         3d6       91%         4
 Iskenderun's Mystic Bla  Conj/Tloc      4%         2d3       91%         4
 Lee's Rapid Deconstruct  Erth           2%         3d5*      99%         5


Dungeon Overview and Level Annotations

Branches:
Dungeon (10/15)            Temple (1/1) D:4         Ossuary (visited)
   Lair: D:8-11         Orc: D:9-12

Altars:
Ashenzari
Cheibriados
Dithmenos
Elyvilon
Fedhas
Gozag
Hepliaklqana
Kikubaaqudgha
Makhleb
Nemelex Xobeh
Okawaru
Qazlal
Ru
Sif Muna
Trog
Vehumet
Xom
Yredelemnul
Zin
The Shining One

Shops:
D:6 ?   D:7 !   D:9 :

Annotations:
D:10 Gastronok, Maggie


Innate Abilities, Weirdness & Mutations

You are a venomous arachnid creature.
You have poisonous fangs.
You are tiny and dextrous.
Your spellcasting is less reliable in this form.
Your armour is entirely melded.
You are incapable of wielding weapons or throwing items.
((You are very nimble when in or above water. (Stealth+, EV+, Speed+++)))
((Your lower body shifts to a powerful aquatic tail in water.))
((You are partially covered in iridescent scales. (AC +2)))
You are clumsy. (Dex -2)
((Your system is resistant to poisons. (rPois)))
((You are covered in fur. (AC +1)))


Message History

Casting: Wereblood (safe; 1% risk of failure)
Confirm with . or Enter, or press ? or * to list all spells.
Okay, then.
Casting: Wereblood (safe; 1% risk of failure)
Confirm with . or Enter, or press ? or * to list all spells.
You turn into a venomous arachnid creature.
The +5 whip of the Boar {drain, Str+7 Dex+4} melds into your body.
Your +1 cloak melds into your body.
Your +1 helmet melds into your body.
Your +1 pair of gloves melds into your body.
Your +1 pair of boots melds into your body.
Your orb of energy melds into your body.
Your +2 robe of willpower melds into your body.
You feel less strong-willed.
You hit Gastronok but do no damage.
Gastronok is poisoned.
You bite Gastronok!
Gastronok is lightly wounded.
Gastronok looks at you and mumbles some strange words.
You feel yourself slow down.
You hit Gastronok.
Gastronok looks as sick as possible!
Gastronok is lightly wounded.
Your shadow hits Gastronok. You hit Gastronok.
Gastronok looks as sick as possible!
Gastronok is lightly wounded.
Gastronok completely misses you.
You bite Gastronok!
Gastronok looks as sick as possible!
Gastronok is moderately wounded.
Gastronok waves his eye-stalks in wide circles.
The air twists around and strikes you!!
You bite Gastronok!
Gastronok looks as sick as possible!
Gastronok is heavily wounded.
You hit Gastronok.
Gastronok looks as sick as possible!
Gastronok is heavily wounded.
Gastronok bites you!!
You bite Gastronok!
Gastronok is heavily wounded.
You bite Gastronok!
Gastronok looks as sick as possible!
Gastronok is severely wounded.
Gastronok makes a strange noise.
Gastronok bites you!!!
You die...

....# #..# #..####
.#####.....######
..............<.#.#
###.##........$....
............###.#.#
###.###....## #. ####s#
#. #w# #w ######.## #>#
....
........#####.###..@#.
#.).....).....@.#
#######)#)...††.....##
#....†)..).>..........
##.#######.############
###..<######.#


You could see Gastronok (extremely poisoned).

Vanquished Creatures
  A boulder beetle (D:7)
  Erolcha (D:9)
  A two-headed ogre (D:9)
  Pikel (D:4)
  2 cyclopes (D:7)
  2 trolls (D:7)
  A slime creature (D:7)
  Sigmund (D:6)
  A shadow (D:9)
  4 yaks
  Eustachio (D:6)
  A vampire mosquito (D:7)
  2 water moccasins
  2 sky beasts
  Duvessa (D:7)
  4 ice beasts
  2 orc warriors
  3 black bears
  An ogre (D:5)
  6 centaurs
  2 phantoms (D:7)
  2 kobold brigands (D:7)
  Blork the orc (D:5)
  5 bullfrogs
  2 elf zombies (Ossuary)
  A necrophage (D:4)
  A gnoll sergeant (D:5)
  A scorpion (D:6)
  15 wights
  Dowan (D:7)
  4 killer bees (D:9)
  3 howler monkeys (D:10)
  2 centaur zombies (Ossuary)
  6 hounds
  4 jellies
  A gnoll bouda (D:5)
  4 orc priests
  Crazy Yiuf (D:6)
  An iguana (D:6)
  Ijyb (D:4)
  Natasha (thrice) (D:3)
  9 orc wizards
  2 mummies (Ossuary)
  Robin (D:4)
  17 gnolls
  7 adders
  3 white imps (D:7)
  2 ufetubi (D:5)
  An adder zombie (Ossuary)
  2 worms
  2 dart slugs
  21 orcs
  5 bats
  6 endoplasms
  4 giant cockroaches
  14 goblins
  8 hobgoblins
  12 kobolds
  3 quokkas
  2 ball pythons (D:1)
  4 frilled lizards
  3 goblin zombies
  14 hobgoblin zombies (Ossuary)
  A jackal zombie (Ossuary)
  7 kobold zombies (Ossuary)
  4 orc zombies (Ossuary)
  6 rats
  5 rat zombies
264 creatures vanquished.

Vanquished Creatures (others)
  2 plants (D:5)
2 creatures vanquished.

Grand Total: 266 creatures vanquished

Notes
Turn   | Place    | Note
-------+----------+-------------------------------------------
     0 | D:1      | Icepheonix32 the Merfolk Transmuter began the quest for the
                  | Orb.
     0 | D:1      | Reached XP level 1. HP: 15/15 MP: 3/3
   279 | D:1      | Reached XP level 2. HP: 19/21 MP: 3/5
   396 | D:1      | Found a faded altar of an unknown god.
  1073 | D:2      | Reached XP level 3. HP: 14/26 MP: 4/6
  1604 | D:2      | Learned a level 2 spell: Wereblood
  1608 | D:2      | Learned a level 3 spell: Spider Form
  1674 | D:2      | Reached XP level 4. HP: 32/32 MP: 5/7
  1717 | D:2      | Found a glowing golden altar of the Shining One.
  2325 | D:3      | Reached XP level 5. HP: 21/38 MP: 8/8
  2465 | D:3      | Found a hazy altar of Hepliaklqana.
  2465 | D:3      | Found a faded altar of an unknown god.
  2796 | D:3      | Noticed Natasha
  2805 | D:3      | Killed Natasha
  2806 | D:3      | Reached skill level 1 in Poison Magic
  2862 | D:3      | Found a snail-covered altar of Cheibriados.
  3087 | D:3      | Noticed Natasha
  3099 | D:3      | Killed Natasha
  3235 | D:3      | Noticed Natasha
  3243 | D:3      | Killed Natasha
  3572 | D:3      | Gained mutation: You occasionally lose the ability to read
                  | scrolls when taking damage. [potion of mutation]
  3572 | D:3      | Gained mutation: You are frail. (-10% HP) [potion of
                  | mutation]
  3573 | D:3      | Lost mutation: You are frail. (-10% HP) [potion of
                  | mutation]
  3573 | D:3      | Lost mutation: You occasionally lose the ability to read
                  | scrolls when taking damage. [potion of mutation]
  3573 | D:3      | Gained mutation: You are covered in fur. (AC +1) [potion of
                  | mutation]
  3573 | D:3      | Gained mutation: You are clumsy. (Dex -2) [potion of
                  | mutation]
  3573 | D:3      | Gained mutation: You are partially covered in iridescent
                  | scales. (AC +2) [potion of mutation]
  3573 | D:3      | Gained mutation: Your system is resistant to poisons.
                  | (rPois) [potion of mutation]
  3641 | D:4      | Reached XP level 6. HP: 41/44 MP: 8/10
  3724 | D:4      | Noticed Ijyb
  3745 | D:4      | Killed Ijyb
  4280 | D:4      | Noticed Pikel
  4304 | D:4      | Killed Pikel
  4305 | D:4      | Reached skill level 5 in Dodging
  4305 | D:4      | Reached skill level 1 in Stealth
  4305 | D:4      | Reached skill level 5 in Unarmed Combat
  4305 | D:4      | Reached skill level 5 in Transmutations
  4305 | D:4      | Reached XP level 7. HP: 18/50 MP: 8/11
  4779 | D:4      | Reached XP level 8. HP: 49/57 MP: 9/12
  4831 | D:4      | Noticed Robin
  4848 | D:4      | Killed Robin
  4915 | D:4      | Found a staircase to the Ecumenical Temple.
  4934 | Temple   | Entered the Ecumenical Temple
  5200 | Temple   | Became a worshipper of Dithmenos the Shadowed
  5617 | D:5      | Entered Level 5 of the Dungeon
  5671 | D:5      | Found a blossoming altar of Fedhas.
  5720 | D:5      | Reached skill level 1 in Invocations
  5859 | D:5      | Found a broken altar of Ashenzari.
  5909 | D:5      | Reached * piety under Dithmenos
  5958 | D:5      | Noticed Blork the orc
  5973 | D:5      | Killed Blork the orc
  5974 | D:5      | Reached XP level 9. HP: 8/62 MP: 8/14
  6282 | D:5      | Found a sand-covered staircase.
  6290 | Ossuary  | Entered an ossuary
  6460 | Ossuary  | Reached ** piety under Dithmenos
  6727 | D:5      | Identified the +4 buckler "Noiwkiyru" {rN+}
  6738 | D:5      | Learned a level 3 spell: Mephitic Cloud
  6743 | D:5      | Learned a level 4 spell: Ice Form
  7025 | D:6      | Found Vyujif's Magic Scroll Boutique.
  7047 | D:6      | Bought a scroll of identify for 28 gold pieces
  7047 | D:6      | Bought a scroll of magic mapping for 105 gold pieces
  7047 | D:6      | Bought a scroll of vulnerability for 56 gold pieces
  7152 | D:6      | Noticed Eustachio
  7163 | D:6      | Killed Eustachio
  7330 | D:6      | Noticed Sigmund
  7342 | D:6      | Killed Sigmund
  7343 | D:6      | Reached skill level 1 in Shields
  7343 | D:6      | Reached skill level 1 in Ice Magic
  7744 | D:6      | Found a runed translucent door.
  7746 | D:6      | Noticed Crazy Yiuf
  7757 | D:6      | Killed Crazy Yiuf
  7953 | D:6      | Learned a level 2 spell: Poisonous Vapours
  8000 | D:7      | Reached XP level 10. HP: 37/70 MP: 13/16
  8170 | D:7      | Found a basalt altar of Yredelemnul.
  8171 | D:7      | Found a radiant altar of Vehumet.
  8558 | D:7      | Found Esolliro's Distillery.
  8575 | D:7      | Bought a potion of might for 52 gold pieces
  8575 | D:7      | Bought a potion of heal wounds for 65 gold pieces
  8712 | D:7      | Noticed Duvessa
  8716 | D:7      | Noticed Dowan
  8725 | D:7      | Killed Duvessa
  8729 | D:7      | Killed Dowan
  8729 | D:7      | Reached *** piety under Dithmenos
  9088 | D:7      | Found a glowing silver altar of Zin.
  9088 | D:7      | Found a shimmering blue altar of Sif Muna.
  9266 | D:7      | Noticed a cyclops
  9266 | D:7      | Noticed a cyclops
  9267 | D:7      | Noticed a boulder beetle
  9302 | D:7      | Killed a boulder beetle
  9330 | D:7      | Killed a cyclops
  9331 | D:7      | Reached skill level 5 in Invocations
  9436 | D:7      | Killed a cyclops
  9437 | D:7      | Reached XP level 11. HP: 57/75 MP: 14/17
  9441 | D:7      | Identified the ring "Xaseumo" {rPois Will- MP+9 Str-2
                  | Dex+9}
  9445 | D:7      | Identified the +3 flail of Blood {speed, Dex+3}
  9446 | D:7      | Identified the +6 halberd "Cokhlire" {pain, Drain rPois rC+
                  | rN+}
  9476 | D:7      | Identified the +10 hand axe "Ifayd" {vorpal, *Slow Str+5}
  9945 | D:8      | Identified the +5 whip of the Boar {drain, Str+7 Dex+4}
 10061 | D:8      | Found an ancient bone altar of Kikubaaqudgha.
 10534 | D:9      | Reached skill level 10 in Unarmed Combat
 10711 | D:9      | Reached skill level 1 in Evocations
 10917 | D:9      | Noticed a two-headed ogre
 10932 | D:9      | Killed a two-headed ogre
 10935 | D:9      | Reached **** piety under Dithmenos
 11687 | D:9      | Noticed Erolcha
 11694 | D:9      | Killed Erolcha
 11695 | D:9      | Reached skill level 10 in Dodging
 11769 | D:9      | Found Kajeas's Vocational Training.
 11833 | D:10     | Entered Level 10 of the Dungeon
 11921 | D:10     | Noticed Maggie
 11922 | D:10     | Noticed Gastronok
 11952 | D:10     | Mangled by Gastronok

Illustrated notes

Levels and vault maps discovered:
D:1:      dpeg_chamrin_arrival_tetris, layout_basic,
          shapermc_ecumenical_altar_mp_urbaneastern, serial_rivers,
          chequers_serial_rivers_small_a, chequers_serial_rivers_micro_d,
          chequers_serial_rivers_micro_e, chequers_serial_rivers_small_a
D:2:      layout_loops_ring, basic_altar
D:3:      layout_basic, beargit_hepliaklqana_dungeon_heroes, slow_altar_2,
          uniq_natasha
D:4:      layout_basic, minmay_temple_entry_slanted, uniq_robin, uniq_ijyb,
          uniq_pikel
D:5:      layout_rooms, mainiacjoe_overflow_24_doors, fedhas_ov_isle_minmay,
          enter_ossuary_4, st_stairs_10, minmay_misc_feat_encased,
          small_statue_intersection, uniq_blork_the_orc
D:6:      layout_basic, serial_shops,
          nicolae_shop_temple_entry_statues_fountains, uniq_sigmund,
          uniq_eustachio, uniq_crazy_yiuf_cottage
D:7:      minmay_the_grid_octo_triangle [minmay_the_grid_octo_toaster,
          minmay_the_grid_octo_prize_star, minmay_the_grid_octo_shrine],
          layout_cave_pools, serial_shops, shop, minmay_misc_feat_x,
          uniq_duvessa
D:8:      layout_loops_ring, nicolae_overflow_crystal_walls
D:9:      layout_roguey, nicolae_shop_vocational, uniq_erolcha
D:10:     layout_loops_ring, tso_altar, gammafunk_temple_overflow_forgotten,
          minmay_alternating_orb, uniq_gastronok, uniq_urug, uniq_maggie
Temple:   compressed_dpeg_triangle_lava_temple

Skill      XL: |  1  2  3  4  5  6  7  8  9 10 11 |
---------------+----------------------------------+-----
Transmutations | 3 4 5 7 8 9 |  9.1
Dodging        | 3 4 5 6 8 9 10 | 10.1
Unarmed Combat | 4 5 7 8 9 10 | 10.6
Poison Magic   | 1 2 3 4 |  4.0
Fighting       | 2 3 |  3.1
Stealth        | 1 2 3 4 |  4.4
Spellcasting   | 3 4 |  4.6
Invocations    | 2 3 5 |  5.9
Shields        | 1 3 4 |  4.1
Ice Magic      | 2 4 |  4.6
Evocations     | 2 |  2.0
Throwing       | |  0.3
Conjurations   | |  0.1

Action                   |  1- 3 |  4- 6 |  7- 9 | 10-12 || total
-------------------------+-------+-------+-------+-------++-------
Melee: Unarmed           |    96 |   174 |   413 |   314 ||   997
       Punch             |     4 |     5 |    13 |       ||    22
       Headbutt          |     4 |    19 |    52 |       ||    75
       Tailslap          |       |       |     7 |       ||     7
       Spear             |       |       |       |    14 ||    14
       Whip              |       |       |       |     6 ||     6
Throw: Dart              |       |       |       |     2 ||     2
 Cast: Beastly Appendage |    20 |    26 |    23 |       ||    69
       Spider Form       |       |     3 |    12 |    20 ||    35
       Wereblood         |       |     1 |     6 |     4 ||    11
       Ice Form          |       |       |       |     4 ||     4
       Mephitic Cloud    |       |       |       |     1 ||     1
  Use: Scroll            |     3 |     4 |     4 |     7 ||    18
       Potion            |       |     4 |       |     3 ||     7
 Stab: Sleeping          |     1 |     1 |     3 |     7 ||    12
Armor: Robe              |    32 |    32 |    81 |    10 ||   155
       Skin              |       |     1 |    23 |    25 ||    49
Dodge: Dodged            |    76 |    96 |   374 |   339 ||   885
Block: Buckler           |       |       |    21 |    17 ||    38
